| TOP OF THE 1ST |
|
Oakland (APP) Athletics batting - Pitching for Detroit (APP) Tigers : RHP Felipe Guevara
|
|
Pitching: RHP Felipe Guevara
|
|
|
Batting: LHB Diego Vega
|
0-0: Ball 1-0: Ball 2-0: Called Strike 2-1: Ground out 5-3 (Groundball, 56, EV 88.1 MPH)
|
|
Batting: SHB Raul Herrera
|
0-0: Ball 1-0: Fly out, F7 (Line Drive, 78D, EV 87.5 MPH)
|
|
Batting: LHB Ben Landry
|
0-0: Ground out 4-3 (Groundball, 4, EV 82.5 MPH)
|
| Top of the 1st over - 0 runs, 0 hits, 0 errors, 0 left on base; Oakland (APP) 0 - Detroit (APP) 0 |
| BOTTOM OF THE 1ST |
|
Detroit (APP) Tigers batting - Pitching for Oakland (APP) Athletics : RHP Jaime Sanchez
|
|
Pitching: RHP Jaime Sanchez
|
|
|
Batting: RHB Alex Duarte
|
0-0: Called Strike 0-1: SINGLE (Groundball, 34D, EV 96.9 MPH)
|
|
Batting: RHB Cody Kafer
|
0-0: Called Strike 0-1: Ball 1-1: Ball 2-1: Ball 3-1: Base on Balls Alex Duarte to second
|
|
Batting: RHB George Sonier
|
0-0: Ball Wild Pitch! Alex Duarte to third Cody Kafer to second 1-0: Foul Ball, location: 2F 1-1: Foul Ball, location: 2F 1-2: Foul Ball, location: 2F 1-2: Ball 2-2: Ball 3-2: Strikes out looking
|
|
Batting: LHB Simon Barry
|
0-0: Foul Ball, location: 2F 0-1: Swinging Strike 0-2: Strikes out swinging
|
|
Batting: RHB Tony Murray
|
0-0: Ball 1-0: Ball 2-0: Foul Ball, location: 2F 2-1: Foul Ball, location: 2F 2-2: Ball 3-2: Strikes out swinging
|
| Bottom of the 1st over - 0 runs, 1 hit, 0 errors, 2 left on base; Oakland (APP) 0 - Detroit (APP) 0 |
| TOP OF THE 2ND |
|
Oakland (APP) Athletics batting - Pitching for Detroit (APP) Tigers : RHP Felipe Guevara
|
|
Batting: RHB Toyohiko Nakajima
|
0-0: Called Strike 0-1: Ground out 5-3 (Groundball, 56, EV 104.4 MPH)
|
|
Batting: RHB Pete Goerge
|
0-0: Swinging Strike 0-1: Ball 1-1: Foul Ball, location: 2F 1-2: Ball 2-2: SINGLE (Flyball, 89S, EV 91.9 MPH)
|
|
Batting: RHB Jeff Goodrum
|
0-0: Ball 1-0: Swinging Strike 1-1: Foul Ball, location: 2F 1-2: Ball 2-2: Foul Ball, location: 2F 2-2: Ball 3-2: Strikes out swinging
|
|
Batting: LHB Bryan Hodensack
|
0-0: Ball 1-0: Ball 2-0: Ball 3-0: Called Strike 3-1: Called Strike 3-2: Fly out, F8 (Flyball, 8LD, EV 76.2 MPH)
|
| Top of the 2nd over - 0 runs, 1 hit, 0 errors, 1 left on base; Oakland (APP) 0 - Detroit (APP) 0 |
| BOTTOM OF THE 2ND |
|
Detroit (APP) Tigers batting - Pitching for Oakland (APP) Athletics : RHP Jaime Sanchez
|
|
Batting: RHB John Barton
|
0-0: Called Strike 0-1: Ball 1-1: Swinging Strike 1-2: Strikes out looking
|
|
Batting: RHB Yasutaka Yamasaki
|
0-0: Ball 1-0: Ball 2-0: Swinging Strike 2-1: Foul Ball, location: 2F 2-2: Ball 3-2: Foul Ball, location: 2F 3-2: Strikes out swinging
|
|
Batting: SHB Salvador Lacosta
|
0-0: Called Strike 0-1: Swinging Strike 0-2: Ball 1-2: Fly out, F3 (Line Drive, 3L, EV 76.2 MPH)
|
| Bottom of the 2nd over - 0 runs, 0 hits, 0 errors, 0 left on base; Oakland (APP) 0 - Detroit (APP) 0 |
| TOP OF THE 3RD |
|
Oakland (APP) Athletics batting - Pitching for Detroit (APP) Tigers : RHP Felipe Guevara
|
|
Batting: RHB Matt Aston
|
0-0: Ball 1-0: Called Strike 1-1: Foul Ball, location: 2F 1-2: Ball 2-2: Foul Ball, location: 2F 2-2: Ball 3-2: Base on Balls
|
|
Batting: RHB Dave Villarreal
|
0-0: Called Strike Matt Aston steals 2nd base 0-1: Ball 1-1: Ball 2-1: Ball 3-1: Fly out, F8 (Line Drive, 8RS, EV 105.0 MPH)
|
|
Batting: LHB Diego Vega
|
0-0: Called Strike 0-1: Swinging Strike 0-2: Strikes out looking
|
|
Batting: SHB Raul Herrera
|
0-0: Foul Ball, location: 2F 0-1: Ball 1-1: Ball 2-1: Ball 3-1: Foul Ball, location: 2F 3-2: Strikes out swinging
|
| Top of the 3rd over - 0 runs, 0 hits, 0 errors, 1 left on base; Oakland (APP) 0 - Detroit (APP) 0 |
| BOTTOM OF THE 3RD |
|
Detroit (APP) Tigers batting - Pitching for Oakland (APP) Athletics : RHP Jaime Sanchez
|
|
Batting: RHB Rick Brinkmann
|
0-0: Fly out, F8 (Flyball, 8LM, EV 84.4 MPH)
|
|
Batting: RHB Alex Duarte
|
0-0: Swinging Strike 0-1: Ball 1-1: SINGLE (Groundball, 6MS, EV 66.2 MPH) (infield hit)
|
|
Batting: RHB Cody Kafer
|
0-0: Ball 1-0: Foul Ball, location: 2F 1-1: Swinging Strike 1-2: Foul Ball, location: 2F 1-2: Foul Ball, location: 2F 1-2: Strikes out looking
|
|
Batting: RHB George Sonier
|
0-0: Swinging Strike Passed Ball! Alex Duarte to second 0-1: Swinging Strike 0-2: Ball 1-2: Strikes out swinging
|
| Bottom of the 3rd over - 0 runs, 1 hit, 0 errors, 1 left on base; Oakland (APP) 0 - Detroit (APP) 0 |
| TOP OF THE 4TH |
|
Oakland (APP) Athletics batting - Pitching for Detroit (APP) Tigers : RHP Felipe Guevara
|
|
Batting: LHB Ben Landry
|
0-0: Called Strike 0-1: Fly out, F8 (Flyball, 78D, EV 101.9 MPH)
|
|
Batting: RHB Toyohiko Nakajima
|
0-0: Fly out, F9 (Flyball, 89S, EV 88.1 MPH)
|
|
Batting: RHB Pete Goerge
|
0-0: Ball 1-0: Fly out, F7 (Flyball, 7, EV 94.4 MPH)
|
| Top of the 4th over - 0 runs, 0 hits, 0 errors, 0 left on base; Oakland (APP) 0 - Detroit (APP) 0 |
| BOTTOM OF THE 4TH |
|
Detroit (APP) Tigers batting - Pitching for Oakland (APP) Athletics : RHP Jaime Sanchez
|
|
Batting: LHB Simon Barry
|
0-0: Called Strike 0-1: Ball 1-1: SOLO HOME RUN (Flyball, 7D, EV 98.8 MPH), Distance : 370 ft
|
|
Batting: RHB Tony Murray
|
0-0: Ball 1-0: SINGLE (Groundball, 56D, EV 98.1 MPH)
|
|
Batting: RHB John Barton
|
0-0: Ball 1-0: Called Strike 1-1: Ball 2-1: Swinging Strike 2-2: Strikes out looking
|
|
Batting: RHB Yasutaka Yamasaki
|
0-0: Called Strike 0-1: Called Strike 0-2: Ball Wild Pitch! Tony Murray to second 1-2: Foul Ball, location: 2F 1-2: Ball 2-2: Foul Ball, location: 2F 2-2: Foul Ball, location: 2F 2-2: Strikes out looking
|
|
Batting: SHB Salvador Lacosta
|
0-0: Ball Wild Pitch! Tony Murray to third 1-0: Foul Ball, location: 2F 1-1: DOUBLE (Line Drive, 89D, EV 115.0 MPH) Tony Murray scores
|
|
Batting: RHB Rick Brinkmann
|
0-0: Ball 1-0: Ball 2-0: Ball 3-0: Base on Balls
|
|
Batting: RHB Alex Duarte
|
0-0: Foul Ball, location: 2F 0-1: Ball Wild Pitch! Salvador Lacosta to third Rick Brinkmann to second 1-1: Foul Ball, location: 2F 1-2: Ball 2-2: Ball 3-2: Strikes out swinging
|
| Bottom of the 4th over - 2 runs, 3 hits, 0 errors, 2 left on base; Oakland (APP) 0 - Detroit (APP) 2 |
| TOP OF THE 5TH |
|
Oakland (APP) Athletics batting - Pitching for Detroit (APP) Tigers : RHP Felipe Guevara
|
|
Batting: RHB Jeff Goodrum
|
0-0: Foul Ball, location: 2F 0-1: Foul Ball, location: 2F 0-2: Strikes out looking
|
|
Batting: LHB Bryan Hodensack
|
0-0: SINGLE (Groundball, 5D, EV 103.8 MPH)
|
|
Batting: RHB Matt Aston
|
0-0: Called Strike Bryan Hodensack steals 2nd, throwing error, E2 Bryan Hodensack to third 0-1: Ball 1-1: Called Strike 1-2: Strikes out looking
|
|
Batting: RHB Dave Villarreal
|
0-0: Ball 1-0: Ball 2-0: Foul Ball, location: 2F 2-1: Foul Ball, location: 2F 2-2: Ground out 5-3 (Groundball, 56, EV 84.4 MPH)
|
| Top of the 5th over - 0 runs, 1 hit, 1 error, 1 left on base; Oakland (APP) 0 - Detroit (APP) 2 |
| BOTTOM OF THE 5TH |
|
Detroit (APP) Tigers batting - Pitching for Oakland (APP) Athletics : RHP Jaime Sanchez
|
|
Pitching: RHP Albie Cisneros
|
|
|
Batting: RHB Cody Kafer
|
0-0: Called Strike 0-1: Called Strike 0-2: Fly out, F7 (Flyball, 78D, EV 92.5 MPH)
|
|
Batting: RHB George Sonier
|
0-0: Foul Ball, location: 2F 0-1: Swinging Strike 0-2: Strikes out swinging
|
|
Batting: LHB Simon Barry
|
0-0: Ground out 4-3 (Groundball, 4, EV 89.4 MPH)
|
| Bottom of the 5th over - 0 runs, 0 hits, 0 errors, 0 left on base; Oakland (APP) 0 - Detroit (APP) 2 |
| TOP OF THE 6TH |
|
Oakland (APP) Athletics batting - Pitching for Detroit (APP) Tigers : RHP Felipe Guevara
|
|
Batting: LHB Diego Vega
|
0-0: Ball 1-0: Called Strike 1-1: Ball 2-1: Fly out, F9 (Flyball, 9LM, EV 95.6 MPH)
|
|
Batting: SHB Raul Herrera
|
0-0: Ball 1-0: Ball 2-0: Ball 3-0: Base on Balls
|
|
Batting: LHB Ben Landry
|
0-0: Fielders Choice at 2nd, 4-6 (Groundball, 4, EV 87.5 MPH)
|
|
Batting: RHB Toyohiko Nakajima
|
0-0: Called Strike 0-1: Called Strike 0-2: Ball 1-2: Ball 2-2: Strikes out swinging
|
| Top of the 6th over - 0 runs, 0 hits, 0 errors, 1 left on base; Oakland (APP) 0 - Detroit (APP) 2 |
| BOTTOM OF THE 6TH |
|
Detroit (APP) Tigers batting - Pitching for Oakland (APP) Athletics : RHP Albie Cisneros
|
|
Batting: RHB Tony Murray
|
0-0: Ball 1-0: Foul Ball, location: 2F 1-1: Ball 2-1: Reached on error, E6 (Groundball, 6, EV 103.8 MPH)
|
|
Batting: RHB John Barton
|
0-0: Fly out, F3 (Line Drive, 3L, EV 65.6 MPH)
|
|
Batting: RHB Yasutaka Yamasaki
|
0-0: Ball 1-0: SINGLE (Flyball, 8LM, EV 95.0 MPH) Tony Murray to third
|
|
Batting: SHB Salvador Lacosta
|
0-0: Reached on error, E6 (Groundball, 6, EV 96.9 MPH) Tony Murray scores Yasutaka Yamasaki to second
|
|
Batting: RHB Rick Brinkmann
|
0-0: Called Strike 0-1: Foul Ball, location: 2F 0-2: Ball 1-2: Ball 2-2: Ball 3-2: Strikes out swinging
|
|
Batting: RHB Alex Duarte
|
0-0: Fly out, F9 (Flyball, 9, EV 85.6 MPH)
|
| Bottom of the 6th over - 1 run, 1 hit, 2 errors, 2 left on base; Oakland (APP) 0 - Detroit (APP) 3 |
| TOP OF THE 7TH |
|
Oakland (APP) Athletics batting - Pitching for Detroit (APP) Tigers : RHP Felipe Guevara
|
|
Pitching: RHP Edwin Torres
|
|
|
Batting: RHB Pete Goerge
|
0-0: Ball 1-0: Swinging Strike 1-1: Ball 2-1: Ball 3-1: Ground out 1-3 (Groundball, 13, EV 71.2 MPH)
|
|
Batting: RHB Jeff Goodrum
|
0-0: Ground out 6-3 (Groundball, 6, EV 81.9 MPH)
|
|
Batting: LHB Bryan Hodensack
|
0-0: Hit by Pitch
|
|
Batting: RHB Matt Aston
|
0-0: Ball 1-0: 2-RUN HOME RUN (Flyball, 7D, EV 100.0 MPH), Distance : 365 ft
|
|
Batting: RHB Dave Villarreal
|
0-0: Foul Ball, location: 2F 0-1: Ball 1-1: Foul Ball, location: 2F 1-2: Foul Ball, location: 2F 1-2: Strikes out swinging, 2-3 out at first.
|
| Top of the 7th over - 2 runs, 1 hit, 0 errors, 0 left on base; Oakland (APP) 2 - Detroit (APP) 3 |
| BOTTOM OF THE 7TH |
|
Detroit (APP) Tigers batting - Pitching for Oakland (APP) Athletics : RHP Albie Cisneros
|
|
Batting: RHB Cody Kafer
|
0-0: Ball 1-0: Ball 2-0: Foul Ball, location: 2F 2-1: Ball 3-1: Called Strike 3-2: Foul Ball, location: 2F 3-2: Strikes out swinging
|
|
Batting: RHB George Sonier
|
0-0: Called Strike 0-1: Swinging Strike 0-2: Strikes out looking
|
|
Batting: LHB Simon Barry
|
0-0: Foul Ball, location: 2F 0-1: Ball 1-1: Ground out 2-3 (Groundball, 13S, EV 65.0 MPH)
|
| Bottom of the 7th over - 0 runs, 0 hits, 0 errors, 0 left on base; Oakland (APP) 2 - Detroit (APP) 3 |
| TOP OF THE 8TH |
|
Oakland (APP) Athletics batting - Pitching for Detroit (APP) Tigers : RHP Edwin Torres
|
|
Batting: LHB Diego Vega
|
0-0: Called Strike 0-1: Called Strike 0-2: Fly out, F9 (Flyball, 9D, EV 100.6 MPH)
|
|
Batting: SHB Raul Herrera
|
0-0: Called Strike 0-1: Foul Ball, location: 2F 0-2: Ground out 6-3 (Groundball, 56, EV 83.1 MPH)
|
|
Batting: LHB Ben Landry
|
0-0: Ground out 6-3 (Groundball, 56, EV 100.6 MPH)
|
| Top of the 8th over - 0 runs, 0 hits, 0 errors, 0 left on base; Oakland (APP) 2 - Detroit (APP) 3 |
| BOTTOM OF THE 8TH |
|
Detroit (APP) Tigers batting - Pitching for Oakland (APP) Athletics : RHP Albie Cisneros
|
|
Pitching: LHP Logan Stewart
|
|
|
Batting: RHB Tony Murray
|
0-0: Ball 1-0: Foul Ball, location: 2F 1-1: Ball 2-1: Ground out 5-3 (Groundball, 5, EV 100.6 MPH)
|
|
Batting: RHB John Barton
|
0-0: Called Strike 0-1: Ball 1-1: Ball 2-1: Ball 3-1: Base on Balls
|
|
Batting: RHB Yasutaka Yamasaki
|
0-0: Called Strike 0-1: Ball 1-1: Foul Ball, location: 2F 1-2: Foul Ball, location: 2F 1-2: Ball 2-2: Ball 3-2: Foul Ball, location: 2F 3-2: Foul Ball, location: 2F 3-2: Strikes out swinging
|
|
Batting: SHB Salvador Lacosta
|
0-0: Called Strike 0-1: Foul Ball, location: 2F 0-2: Ball 1-2: Fielders Choice at 2nd, 6-4 (Groundball, 6, EV 77.5 MPH)
|
| Bottom of the 8th over - 0 runs, 0 hits, 0 errors, 1 left on base; Oakland (APP) 2 - Detroit (APP) 3 |
| TOP OF THE 9TH |
|
Oakland (APP) Athletics batting - Pitching for Detroit (APP) Tigers : RHP Edwin Torres
|
|
Pitching: RHP Malcolm Holz
|
|
|
Batting: RHB Toyohiko Nakajima
|
0-0: Called Strike 0-1: Foul Ball, location: 2F 0-2: Ball 1-2: Strikes out swinging
|
|
Batting: RHB Pete Goerge
|
0-0: Ball 1-0: Ball 2-0: Ground out 6-3 (Groundball, 6, EV 85.6 MPH)
|
|
Batting: RHB Jeff Goodrum
|
0-0: Swinging Strike 0-1: Swinging Strike 0-2: Ball 1-2: Ball 2-2: Strikes out swinging
|
| Top of the 9th over - 0 runs, 0 hits, 0 errors, 0 left on base; Oakland (APP) 2 - Detroit (APP) 3 |
|